 Dungeon Crawl Stone Soup version 0.18-a0-1435-gee79d65 (webtiles) character file.

81 M4edhros the Vandal (level 4, -1/29 HPs)
             Began as an Octopode Hunter on Feb 28, 2016.
             Slain by a hobgoblin
             ... wielding a +0 club
              (7 damage)
             ... on level 2 of the Dungeon.
             The game lasted 00:01:52 (1727 turns).

M4edhros the Vandal (Octopode Hunter)               Turns: 1727, Time: 00:01:53

Health: -1/29      AC:  1    Str: 11    XL:     4   Next: 40%
Magic:  4/4        EV: 13    Int: 13    God:
Gold:   38         SH:  0    Dex: 13    Spells: 0 memorised, 3 levels left

rFire  . . .     SeeInvis .     b - +0 short sword
rCold  . . .     Gourm    .     (no shield)
rNeg   . . .     Faith    .     (helmet restricted)
rPois  .         Spirit   .     (no amulet)
rElec  .         Dismiss  .     l - ring of loudness (curse)
rCorr  .         Reflect  .     (no ring)
SustAt .         Harm     .     (no ring)
MR     .....                    (no ring)
Stlth  ++........               (no ring)
                                (no ring)
                                (no ring)
                                (no ring)

@: not resistant to hostile enchantments, unstealthy
A: almost no armour, amphibious, 8 rings, constrict 8, camouflage 1, gelatinous
body 1
a: no special abilities


You were on level 2 of the Dungeon.
You were not hungry.

You visited 1 branch of the dungeon, and saw 2 of its levels.

You collected 38 gold pieces.

Inventory:

Hand Weapons
 a - a +1 hunting sling
 b - a +0 short sword (weapon)
Missiles
 c - 12 sling bullets
 f - 31 stones (quivered)
 m - 11 sling bullets of flame
Jewellery
 l - a cursed ring of loudness (left tentacle)
Scrolls
 e - 2 scrolls of random uselessness {unknown}
 g - a scroll of enchant armour {unknown}
 h - a scroll of remove curse {unknown}
 i - a scroll of immolation {unknown}
 j - 2 scrolls of identify {unknown}
 k - 2 scrolls of noise {unknown}
Comestibles
 d - 2 bread rations


   Skills:
 - Level 2.0 Fighting
 + Level 4.9 Slings
 + Level 3.4 Dodging
 - Level 1.3 Stealth


You had 3 spell levels left.
You didn't know any spells.

Dungeon Overview and Level Annotations

Branches:
Dungeon (2/15)

Altars:
Trog
Vehumet


Innate Abilities, Weirdness & Mutations

You cannot wear most types of armour.
You are amphibious.
You can wear up to eight rings at the same time.
You can use your tentacles to constrict eight enemies at once.
Your skin changes colour to match your surroundings (Stealth).
Your rubbery body absorbs attacks (AC +1).


Message History

The hobgoblin completely misses you. The jackal barely misses you.
Unknown command.
Unknown command.
You hit the jackal but do no damage. Your grab misses the jackal.
The jackal is moderately wounded.
The jackal closely misses you. The hobgoblin barely misses you.
The jackal closely misses you.
Unknown command.
Unknown command.
You barely miss the jackal. You grab the jackal. You squeeze the jackal.
You kill the jackal!
The hobgoblin hits you with a club.
* * * LOW HITPOINT WARNING * * *
Unknown command.
Unknown command.
Unknown command.
You hit the hobgoblin. You grab the hobgoblin.
The hobgoblin is moderately wounded.
You constrict the hobgoblin. The hobgoblin hits you with a club!
You die...

######### #.##..÷.....
#############.###.......
#......#.........#)####.
...................# .
..................... .
.....................
.....................
.....................
_......@..............
.......g............
...................
..........###.....
..§§.§§...# ....
...._.....# ..
...§.§§...# ....§.....#


You could see a hobgoblin.

Vanquished Creatures
  3 adders (D:2)
  An ooze (D:1)
  3 worms (D:2)
  A ball python (D:2)
  5 giant cockroaches
  8 goblins
  3 hobgoblins
  2 jackals (D:2)
  2 quokkas (D:2)
  3 bats
  3 giant newts
  2 kobolds (D:1)
  3 rats
39 creatures vanquished.

Notes
Turn   | Place    | Note
--------------------------------------------------------------
     0 | D:1      | M4edhros the Octopode Hunter began the quest for the Orb.
     0 | D:1      | Reached XP level 1. HP: 14/14 MP: 1/1
   315 | D:1      | Reached XP level 2. HP: 19/19 MP: 2/2
   906 | D:2      | Reached XP level 3. HP: 24/24 MP: 3/3
  1271 | D:2      | Reached XP level 4. HP: 24/29 MP: 4/4
  1714 | D:2      | Found a radiant altar of Vehumet.
  1715 | D:2      | Found a bloodstained altar of Trog.
  1727 | D:2      | Slain by a hobgoblin

Vault maps used:
D:1:      minmay_arrival_radiant_lines
D:2:      fiery_altar_vehumet, overflow_temple_1_default, grunt_pakellas_sulfur

Skill      XL: |  1  2  3 |
---------------+----------+-----
Dodging        | 3 |  3.4
Fighting       | |  2.0
Slings         | |  4.9
Stealth        | |  1.3

Action                   |  1- 3 |  4- 6 || total
-------------------------+-------+-------++-------
Melee: Short sword       |     6 |    30 ||    36
 Fire: Hunting sling     |    62 |       ||    62
  Use: Potion            |       |     1 ||     1
 Stab: Sleeping          |       |     1 ||     1
  Eat: Chunk             |       |     2 ||     2
